Map: Oxide LE

Players

Vindicta

  • Race: Terran Terran
  • League: Master
  • Spawn Location: 7:00

Future - Winner!

  • Race: Terran Terran
  • Spawn Location: 1:00

Event: DreamHack SC2 Masters 2020 Winter

VOD

Have the link to the VOD?

Description

Time

  • Played on: Oct. 27, 2020, 3:39 p.m.
  • Length: 11:20

All games in this series

Show
View Real Time Build Order
Export as new Build Order

Vindicta Terran 

Build Orders:  

Get SALT Encoding   

  12  0:00  SCV  
  13  0:12  SCV  
  14  0:18  Supply Depot  
  14  0:24  SCV  
  15  0:30  Refinery  
  15  0:40  SCV  
  16  0:44  Barracks  
  16  0:52  SCV  
  16  0:56  Refinery  
  18  1:04  SCV  
  18  1:16  SCV  
  19  1:31  Orbital Command, Reaper  
  20  1:38  Factory  
  20  1:47  Supply Depot  
  20  1:58  SCV  
  21  2:03  Reaper  
  22  2:10  SCV  
  23  2:22  SCV  
  24  2:23  Hellion  
  26  2:34  SCV  
  26  2:35  Barracks Reactor  
  26  2:42  Command Center  
  26  2:44  Hellion  
  26  2:46  SCV  
  26  2:50  Supply Depot  
  30  2:58  SCV  
  30  3:01  Starport  
  29  3:08  Factory Tech Lab  
  29  3:10  SCV  
  30  3:16  Marine x2  
  32  3:22  SCV  
  32  3:26  Siege Tank  
  36  3:30  Refinery  
  36  3:33  Marine  
  36  3:34  Marine, SCV  
  38  3:51  SCV  
  39  4:05  Cyclone, Marine x2, Medivac  
  39  4:06  Orbital Command  
  44  4:14  SCV  
  45  4:23  Marine x2  
  47  4:26  SCV  
  48  4:31  SCV  
  48  4:38  Starport Tech Lab  
  49  4:40  SCV  
  49  4:41  Marine  
  49  4:43  Marine  
  53  4:49  Raven, Factory Tech Lab  
  53  4:52  Command Center  
  53  4:53  SCV, Supply Depot  
  54  5:06  Supply Depot  
  54  5:15  Siege Tank, Marine x2, SCV x2  
  54  5:17  Supply Depot  
  61  5:27  SCV  
  62  5:28  SCV  
  64  5:39  SCV  
  64  5:40  SCV  
  64  5:46  Viking x2, Stimpack  
  64  5:47  Siege Tank  
  64  5:51  SCV  
  64  5:53  SCV  
  64  5:56  Marine  
  67  6:03  SCV  
  66  6:05  SCV  
  68  6:15  SCV  
  68  6:16  Viking x2, Orbital Command  
  68  6:17  SCV, Refinery  
  73  6:19  Siege Tank  
  76  6:28  SCV, Barracks  
  76  6:30  Barracks  
  77  6:39  Engineering Bay x2  
  77  6:44  SCV  
  77  6:46  Viking x2  
  80  6:51  SCV  
  81  6:54  Supply Depot  
  81  6:55  Siege Tank  
  81  7:00  SCV  
  85  7:07  Terran Infantry Armor Level 1, Terran Infantry Weapons Level 1  
  85  7:16  Viking  
  85  7:17  Barracks  
  85  7:21  Barracks  
  85  7:22  SCV  
  89  7:27  Viking  
  89  7:29  Combat Shield  
  91  7:35  Barracks Reactor  
  90  7:39  Barracks Reactor  
  90  7:42  Marine  
  91  7:44  SCV  
  91  7:46  SCV x2  
  91  7:49  Supply Depot  
  96  7:56  SCV  
  96  7:58  SCV  
  98  7:59  Marine  
  98  8:02  Orbital Command  
  92  8:07  Barracks Reactor x2  
  92  8:10  Medivac x2  
  92  8:11  Marine  
  91  8:13  SCV, Orbital Command  
  91  8:14  SCV  
  91  8:16  Marine x3  
  91  8:17  Supply Depot, Marine  
  93  8:29  Marine  
  93  8:33  Marine  
  93  8:34  Marine x2  
  94  8:35  Marine  
  94  8:38  Siege Tank  
  94  8:40  Medivac x2  
  103  8:46  Marine  
  104  8:49  Marine x3  
  104  8:51  Marine x2  
  104  8:52  Marine  
  104  8:54  Supply Depot x2  
  110  8:56  SCV  
  110  8:57  Marine  
  110  8:58  Armory, Marine  
  113  9:04  Marine  
  113  9:07  Marine x3  
  113  9:09  Marine x2  
  116  9:10  Marine  
  116  9:15  Supply Depot, Siege Tank  
  116  9:16  Supply Depot  
  116  9:17  SCV  
  121  9:19  Orbital Command  
  108  9:25  Marine  
  108  9:29  Marine  
  108  9:30  Marine  
  101  9:31  Marine x2  
  105  9:40  SCV x2  
  105  9:43  Sensor Tower  
  105  9:44  Viking x2  
  105  9:47  Sensor Tower  
  105  9:52  Marine  
  107  9:53  SCV  
  107  9:54  Marine  
  107  9:56  Siege Tank  
  118  10:12  SCV  
  112  10:15  Refinery  
  112  10:16  Refinery  
  112  10:17  Marine  
  112  10:19  Viking, Sensor Tower  
  112  10:20  Viking  
  117  10:24  Marine x2  
  117  10:25  SCV  
  121  10:31  SCV x2  
  121  10:35  Missile Turret  
  121  10:36  Missile Turret  
  121  10:37  SCV  
  120  10:43  Marine  
  120  10:44  Marine x2  
  120  10:47  Sensor Tower  
  120  10:49  Viking  
  128  10:51  Marine  
  131  11:00  Marine  
Show
View Real Time Build Order
Export as new Build Order

Future Terran - Winner!

Build Orders: Reaper Expand 

Get SALT Encoding   

  12  0:00  SCV  
  13  0:12  SCV  
  14  0:18  Supply Depot  
  14  0:24  SCV  
  15  0:40  SCV  
  15  0:41  Barracks  
  16  0:44  Refinery  
  16  0:52  SCV  
  18  1:04  SCV  
  18  1:16  SCV  
  19  1:28  Orbital Command, Reaper  
  20  1:42  Command Center  
  20  1:54  SCV  
  21  1:58  Supply Depot  
  21  2:00  Marine  
  22  2:06  SCV  
  23  2:11  Factory  
  23  2:20  SCV, Refinery  
  23  2:22  Barracks Reactor  
  24  2:32  SCV  
  26  2:44  SCV  
  26  2:54  Hellion  
  26  2:55  Starport, Orbital Command  
  26  2:56  SCV  
  26  2:58  Marine x2  
  31  3:08  SCV  
  32  3:16  Marine x2  
  32  3:18  Factory Tech Lab  
  34  3:21  SCV x2  
  36  3:28  Supply Depot  
  36  3:33  SCV x2, Marine  
  36  3:34  Marine  
  39  3:40  Siege Tank  
  39  3:41  Starport Tech Lab  
  43  3:46  Refinery  
  43  3:48  SCV  
  43  3:49  SCV  
  43  3:52  Marine x2  
  46  3:58  Supply Depot  
  46  4:01  SCV x2  
  46  4:02  Raven  
  50  4:09  Marine  
  50  4:13  Supply Depot  
  50  4:16  Marine  
  52  4:17  SCV x2  
  52  4:20  Siege Tank  
  57  4:29  SCV x2, Supply Depot, Marine  
  60  4:34  Marine  
  61  4:41  SCV x2  
  63  4:50  Supply Depot  
  63  4:52  Siege Tank  
  66  4:53  SCV x2  
  66  4:58  Viking  
  66  4:59  Viking  
  72  5:03  Marine  
  72  5:05  SCV x2  
  75  5:14  Command Center  
  75  5:16  Supply Depot  
  75  5:17  SCV x2  
  75  5:19  Refinery  
  75  5:20  Marine  
  78  5:24  Siege Tank  
  81  5:30  Viking  
  81  5:31  Viking  
  81  5:32  SCV  
  81  5:34  SCV  
  84  5:43  Supply Depot  
  84  5:44  SCV  
  85  5:55  SCV  
  85  5:57  SCV, Stimpack  
  87  5:58  Siege Tank  
  90  6:04  Barracks x2  
  90  6:05  Supply Depot  
  90  6:08  Viking  
  90  6:10  SCV x2  
  94  6:13  Viking  
  96  6:22  SCV x2  
  98  6:28  Engineering Bay x2  
  98  6:34  SCV x2, Siege Tank  
  103  6:40  Viking  
  103  6:46  SCV  
  107  6:47  SCV, Orbital Command  
  107  6:57  Barracks  
  107  6:58  SCV, Barracks  
  107  6:59  SCV  
  109  7:05  Barracks Reactor x2  
  108  7:10  SCV  
  109  7:15  SCV  
  109  7:16  SCV  
  109  7:19  Terran Infantry Armor Level 1, Terran Infantry Weapons Level 1  
  109  7:20  Marine  
  109  7:22  Siege Tank  
  115  7:24  SCV  
  115  7:27  Supply Depot  
  116  7:31  SCV x2  
  116  7:34  Sensor Tower  
  118  7:38  Marine  
  118  7:40  Refinery  
  118  7:41  Supply Depot x2, Refinery  
  118  7:42  SCV  
  118  7:43  SCV  
  121  7:44  Barracks Reactor  
  121  7:45  Barracks Reactor  
  121  7:48  SCV  
  122  7:52  Marine x2  
  122  7:53  Marine x2  
  122  7:56  Marine  
  122  7:57  Siege Tank, Medivac  
  128  8:07  Medivac  
  128  8:09  Supply Depot  
  128  8:10  Marine x3, Supply Depot  
  128  8:11  Marine  
  132  8:14  Marine  
  132  8:18  Sensor Tower  
  133  8:27  Marine x2  
  133  8:28  Marine x5  
  133  8:29  Marine, Siege Tank  
  133  8:32  Marine  
  143  8:36  Medivac  
  143  8:37  Medivac  
  143  8:39  Supply Depot x2  
  143  8:40  Combat Shield  
  145  8:45  Marine x2  
  145  8:46  Marine x2  
  145  8:48  Marine x2  
  150  8:49  Marine x2  
  153  8:56  SCV  
  153  8:57  SCV x2  
  156  9:07  Siege Tank, Command Center  
  156  9:08  Medivac x2  
  163  9:11  SCV  
  163  9:12  SCV x2  
  166  9:17  Armory  
  166  9:23  Sensor Tower  
  162  9:28  Marine x8  
  162  9:29  Marine  
  148  9:40  SCV x3  
  148  9:44  Siege Tank  
  154  9:46  Marine x2  
  154  9:48  Marine  
  154  9:49  Marine x5  
  162  9:57  Viking x2  
  166  10:04  Marine x2  
  166  10:05  Factory  
  166  10:06  Marine x3  
  171  10:10  Barracks Reactor  
  166  10:18  Siege Tank  
  169  10:24  Planetary Fortress  
  169  10:26  Marine x2  
  169  10:27  Marine x4  
  175  10:30  Marine x2  
  177  10:40  Viking  
  179  10:44  Marine x3, Viking  
  179  10:45  Marine x3  
  179  10:47  Marine  
  188  10:52  Supply Depot  
  188  10:53  Refinery x2  
Tags
 
Add a new tag
Caveats
  • Supply blocks, unpowered buildings, or Contaminate may cause inaccurate times.
  • Supply counts are checked every 10 seconds.